 Dungeon Crawl Stone Soup version 0.24.0-123-gd5b16e6ec5 (webtiles) character file.

Game seed: 9927923969256910782, levelgen mode: deterministic

214 Curus the Spear-Bearer (level 5, -6/38 HPs)
             Began as a Merfolk Gladiator on Dec 16, 2019.
             Was a Follower of Trog.
             Killed by nerve-wracking pain
             ... invoked by Grinder
              (9 damage)
             ... while paralysed by Grinder
             ... on level 4 of the Dungeon.
             The game lasted 00:10:04 (2460 turns).

Curus the Spear-Bearer (Merfolk Gladiator)          Turns: 2460, Time: 00:10:05

Health: -6/38      AC:  9    Str: 14    XL:     5   Next: 92%
Magic:  5/5        EV:  2    Int: 11    God:    Trog [*.....]
Gold:   153        SH:  0    Dex: 21    Spells: 4/4 levels left

rFire    . . .     SeeInvis .   a - +1 trident
rCold    . . .     Gourm    .   m - +0 buckler
rNeg     . . .     Faith    .   b - +0 leather armour
rPois    .         Spirit   .   c - +0 helmet
rElec    .         Reflect  .   j - +0 cloak
rCorr    .         Harm     .   (no gloves)
MR       .....                  (no boots)
Stlth    +++.......             (no amulet)
HPRegen  0.12/turn              g - +4 ring of protection
MPRegen  0.09/turn              l - +3 ring of intelligence

@: paralysed, agile, berserk cooldown, slowed
A: change form in water, swift swim, stealthy swim
a: Berserk, Renounce Religion


You were on level 4 of the Dungeon.
You worshipped Trog.
Trog was aware of your devotion.
You were hungry.

You visited 1 branch of the dungeon, and saw 4 of its levels.

You collected 153 gold pieces.

Inventory:

Hand Weapons
 a - a +1 trident (weapon)
Missiles
 d - 3 throwing nets (quivered)
Armour
 b - a +0 leather armour (worn)
 c - a +0 helmet (worn)
 e - a +0 hat of intelligence
 j - a +0 cloak (worn)
 m - a +0 buckler (worn)
Jewellery
 g - a +4 ring of protection (left hand)
 h - an uncursed ring of magical power
 l - a +3 ring of intelligence (right hand)
 n - an uncursed ring of attention
Wands
 q - a wand of random effects (14)
Scrolls
 r - 2 scrolls of identify
Potions
 i - a potion of flight
 p - a potion of curing
Comestibles
 f - 4 rations
 o - a chunk of flesh


   Skills:
 - Level 2.1 Fighting
 + Level 9.2 Polearms
 - Level 2.0 Throwing
 - Level 4.0 Dodging


You had 4 spell levels left.
You didn't know any spells.
Your spell library was empty.

Dungeon Overview and Level Annotations

Branches:
Dungeon (4/15)
 Temple: D:4-7

Altars:
Dithmenos
Trog
Zin

Annotations:
D:4 Grinder


Message History

Unknown command.
Unknown command.
Okay, then.
You feel agile all of a sudden.
Grinder zaps a wand.
The puff of flame hits you.
* * * LOW HITPOINT WARNING * * *
You hit Grinder.
Grinder is moderately wounded.
Grinder completely misses you.
Grinder blinks!
Grinder gestures at you.
You suddenly lose the ability to move!
Grinder completely misses you. Grinder hits you but does no damage.
Grinder hits you.
* * * LOW HITPOINT WARNING * * *
You writhe in agony.
* * * LOW HITPOINT WARNING * * *
Grinder gestures at you. Pain shoots through your body!
You die...

#. #.. ######.##
###...##..#
##......#..#
#..#..........#
#....>.......#
#.......@5....##
##.............#
#............#.......
##........######...##
#.....#### ..#
####.## .# #. # .. #


You could see Grinder.

Vanquished Creatures
  An orc priest (D:3)
  Crazy Yiuf (D:2)
  An orc wizard (D:3)
  Jessica (D:3)
  Terence (D:2)
  2 adders (D:3)
  2 dart slugs
  2 leopard geckos
  3 orcs
  7 bats
  4 giant cockroaches
  9 goblins
  3 hobgoblins
  2 quokkas (D:3)
  4 frilled lizards
  7 kobolds
  3 rats
53 creatures vanquished.

Vanquished Creatures (others)
  An orc (D:3)
1 creature vanquished.

Grand Total: 54 creatures vanquished

Notes
Turn   | Place    | Note
-------+----------+-------------------------------------------
     0 | D:1      | Curus the Merfolk Gladiator began the quest for the Orb.
     0 | D:1      | Reached XP level 1. HP: 16/16 MP: 1/1
   128 | D:1      | Reached skill level 5 in Polearms
   132 | D:1      | Reached XP level 2. HP: 22/22 MP: 2/2
   820 | D:2      | Found a glowing silver altar of Zin.
   893 | D:2      | Reached skill level 6 in Polearms
   893 | D:2      | Reached XP level 3. HP: 27/27 MP: 3/3
  1113 | D:2      | Noticed Terence
  1123 | D:2      | Killed Terence
  1315 | D:2      | Found a runed translucent door.
  1316 | D:2      | Noticed Crazy Yiuf
  1361 | D:2      | Found a bloodstained altar of Trog.
  1373 | D:2      | Became a worshipper of Trog the Wrathful
  1477 | D:2      | Killed Crazy Yiuf
  1477 | D:2      | Reached skill level 7 in Polearms
  1477 | D:2      | Reached XP level 4. HP: 21/33 MP: 4/4
  1636 | D:3      | Noticed Jessica
  1640 | D:3      | Killed Jessica
  1640 | D:3      | Reached skill level 8 in Polearms
  1640 | D:3      | Reached XP level 5. HP: 33/38 MP: 5/5
  1641 | D:3      | Found a shadowy altar of Dithmenos.
  1747 | D:3      | Reached * piety under Trog
  1760 | D:3      | Reached skill level 9 in Polearms
  2293 | D:3      | Found a faded altar of an unknown god.
  2422 | D:4      | Noticed Grinder
  2425 | D:4      | Paralysed by Grinder for 2 turns
  2435 | D:4      | Paralysed by Grinder for 7 turns
  2447 | D:4      | Paralysed by Grinder for 6 turns
  2456 | D:4      | Paralysed by Grinder for 6 turns
  2460 | D:4      | Killed from afar by Grinder

Levels and vault maps discovered:
D:1:      dpeg_arrival_chase, layout_basic, corexii_hall_statues_s
D:2:      layout_loops_ring, zin_academy, nicolae_overflow_crystal_walls,
          uniq_terence, uniq_crazy_yiuf_cottage
D:3:      layout_rooms, nicolae_dithmenos_shadow_blocks,
          chequers_ecumenical_altar_island, kennysheep_generic_room_10,
          uniq_jessica
D:4:      layout_cave_pods, uniq_grinder

Skill      XL: |  1  2  3  4  5 |
---------------+----------------+-----
Polearms       | 5 6 7 8 9 |  9.2
Fighting       | |  2.1
Throwing       | |  2.0
Dodging        | |  4.0

Action                   |  1- 3 |  4- 6 || total
-------------------------+-------+-------++-------
Melee: Trident           |    73 |    85 ||   158
Invok: Berserk           |       |     2 ||     2
  Use: Potion            |     4 |     3 ||     7
       Scroll            |     3 |     6 ||     9
 Stab: Sleeping          |       |     1 ||     1
  Eat: Chunk             |     1 |     5 ||     6
Armor: Leather armour    |    10 |    13 ||    23
Dodge: Dodged            |    31 |    44 ||    75
Block: Buckler           |       |     6 ||     6
